 Dungeon Crawl Stone Soup version 0.21.1-1-g345015f (webtiles) character file.

209 Mirai the Skirmisher (level 5, -5/47 HPs)
             Began as a Minotaur Fighter on Mar 9, 2018.
             Blown up by an orc (25 damage)
             ... with a wand of disintegration (9)
             ... on level 4 of the Dungeon.
             The game lasted 00:03:56 (2295 turns).

Mirai the Skirmisher (Minotaur Fighter)             Turns: 2295, Time: 00:03:57

Health: -5/47      AC: 10    Str: 21    XL:     5   Next: 55%
Magic:  4/4        EV:  8    Int:  5    God:
Gold:   143        SH:  9    Dex: 10    Spells: 4/4 levels left

rFire    . . .     SeeInvis .   a - +0 war axe
rCold    . . .     Gourm    .   c - +0 shield
rNeg     . . .     Faith    .   b - +0 scale mail
rPois    .         Spirit   .   (helmet restricted)
rElec    .         Reflect  .   (no cloak)
rCorr    .         Harm     +   t - +2 pair of gloves
MR       .....                  (no boots)
Stlth    ..........             q - amulet of harm
HPRegen  0.15/turn              (no ring)
MPRegen  0.09/turn              (no ring)

@: no status effects
A: retaliatory headbutt, horns 2
a: no special abilities


You were on level 4 of the Dungeon.
You were hungry.

You visited 1 branch of the dungeon, and saw 4 of its levels.

You collected 143 gold pieces.

Inventory:

Hand Weapons
 a - a +0 war axe (weapon)
Armour
 b - a +0 scale mail (worn)
 c - a +0 shield (worn)
 t - a +2 pair of gloves (worn)
Jewellery
 q - an amulet of harm (around neck)
Scrolls
 e - 5 scrolls of identify {unknown}
 g - 2 scrolls of immolation {unknown}
 h - a scroll of enchant armour {unknown}
 j - 3 scrolls of remove curse {unknown}
 k - a scroll of random uselessness {unknown}
 m - a scroll of magic mapping {unknown}
 o - a scroll of noise {unknown}
 r - 2 scrolls of teleportation {unknown}
 v - a scroll of enchant weapon {unknown}
 w - a scroll of blinking {unknown}
Potions
 d - a potion of might
 i - a potion of resistance {unknown}
 l - a potion of lignification {unknown}
 n - 2 potions of curing {unknown}
 p - a potion of agility {unknown}
 s - a potion of brilliance {unknown}
 x - 2 potions of flight {unknown}
 z - a potion of heal wounds {unknown}
 A - a potion of degeneration {unknown}
Books
 y - a book of Minor Magic

   Spells                             Type                      Level
   a - Magic Dart                     Conjuration                  1
   b - Blink                          Translocation                2
   c - Call Imp                       Summoning                    2
   d - Slow                           Hexes                        2
   e - Conjure Flame                  Conjuration/Fire             3
   f - Mephitic Cloud                 Conjuration/Poison/Air       3
Comestibles
 f - 8 rations


   Skills:
 + Level 4.5 Fighting
 + Level 4.5 Axes
 + Level 4.4 Armour
 * Level 2.3 Dodging
 + Level 4.4 Shields


You had 4 spell levels left.
You didn't know any spells.

Dungeon Overview and Level Annotations

Branches:
Dungeon (4/15)
 Temple: D:4-7

Altars:
Nemelex Xobeh
Trog


Innate Abilities, Weirdness & Mutations

You reflexively headbutt those who attack you in melee.
You have a pair of horns on your head.


Message History

You closely miss the orc.
The orc shouts!
Your headbutt misses the orc. You barely miss the orc.
The orc hits you but does no damage.
The orc zaps a wand.
You are blasted!
It is a wand of disintegration (10).
The orc moves out of view.
The orc closely misses you. You block the orc's attack.
You closely miss the orc. You hit the orc but do no damage.
The orc barely misses you. You furiously retaliate!
You headbutt the orc.
The orc zaps a wand.
You are blasted!
You barely miss the orc.
You kill the orc!
You hit the orc. The orc barely misses you. The orc hits you with a falchion!
You are too injured to fight recklessly!
You are too injured to fight recklessly!
You are too injured to fight recklessly!
Unknown command.
Your scale mail prevents you from hitting the orc.
You closely miss the orc.
The orc zaps a wand.
You are blasted!
Ouch! That really hurt!
You die...

#.......#
##.......#
###.(##.####
#######...###.#
#.<.....####..#
#.####### #.##
#.# #.#
#######.#####
#.#
.......@o...#
##.#
.######o##.###
#..#
.####...(...#
#.##
............#
#.#
#...........#
#.#
#......>....#
##.#
............#
#..#
#........(..#
#.##
#...........#
#.#


You could see 2 orcs.

Vanquished Creatures
  A scorpion (D:4)
  A worker ant (D:2)
  3 gnolls (D:3)
  2 adders
  4 oozes (D:1)
  2 leopard geckos (D:1)
  4 orcs
  2 ball pythons (D:1)
  9 bats
  3 giant cockroaches
  8 goblins
  5 hobgoblins
  9 jackals
  4 quokkas
  2 frilled lizards
  4 kobolds
  4 rats
67 creatures vanquished.

Notes
Turn   | Place    | Note
-------+----------+-------------------------------------------
     0 | D:1      | Mirai the Minotaur Fighter began the quest for the Orb.
     0 | D:1      | Reached XP level 1. HP: 19/19 MP: 0/0
    66 | D:1      | Reached XP level 2. HP: 22/27 MP: 1/1
   140 | D:1      | Reached skill level 1 in Dodging
   392 | D:1      | Reached XP level 3. HP: 32/33 MP: 2/2
  1025 | D:2      | Found a bloodstained altar of Trog.
  1378 | D:2      | Reached XP level 4. HP: 40/40 MP: 3/3
  1966 | D:3      | Reached XP level 5. HP: 47/47 MP: 4/4
  2091 | D:3      | Found a sparkling altar of Nemelex Xobeh.
  2295 | D:4      | Blown up by an orc

Skill      XL: |  1  2  3  4 |
---------------+-------------+-----
Dodging        | 1 2 |  2.3
Shields        | 4 |  4.4
Fighting       | 4 |  4.5
Armour         | 4 |  4.4
Axes           | 3 4 |  4.5

Action                   |  1- 3 |  4- 6 || total
-------------------------+-------+-------++-------
Melee: War axe           |    94 |    48 ||   142
       Headbutt          |    17 |     7 ||    24
  Eat: Chunk             |     2 |     2 ||     4
Armor: Scale mail        |    44 |    14 ||    58
Dodge: Dodged            |    51 |    24 ||    75
Block: Shield            |    52 |    23 ||    75
